 Dungeon Crawl Stone Soup version 0.27-a0-1228-gfd60fd639a (webtiles) character file.

Game seed: 8174961730124675021

14153 pokeman the Eclecticist (level 11, -10/61 HPs)
             Began as a Deep Elf Hedge Wizard on June 7, 2021.
             Was a Believer of Vehumet.
             Mangled by a minotaur
             ... wielding a +0 spear
              (35 damage)
             ... in a Gauntlet.
             The game lasted 00:43:59 (15697 turns).

pokeman the Eclecticist (Deep Elf Hedge Wizard)    Turns: 15697, Time: 00:43:59

Health: -10/61     AC: 12    Str:  7    XL:     11   Next: 85%
Magic:  4/32       EV: 12    Int: 32    God:    Vehumet [**....]
Gold:   585        SH:  5    Dex: 14    Spells: 20/41 levels left

rFire    + . .     SeeInvis .   X - +5 spear of Expedience {vorpal, rF+ Int+3}
rCold    . . .     Faith    .   m - +0 buckler
rNeg     . . .     Spirit   .   U - +0 troll leather armour
rPois    .         Reflect  .   N - +0 helmet
rElec    .         Harm     .   D - +2 cloak
rCorr    .         Rampage  .   (no gloves)
Will     +....     NoTele   +   n - +2 pair of boots {Fly}
Stlth    ++........             P - amulet of regeneration
HPRegen  2.20/turn              j - ring of wizardry
MPRegen  0.23/turn              J - +6 ring of intelligence

@: flying
A: no striking features
a: Renounce Religion


You were in a Gauntlet.
You worshipped Vehumet.
Vehumet was pleased with you.
You visited 3 branches of the dungeon, and saw 13 of its levels.
You also visited: Gauntlet.

You collected 585 gold pieces.

Inventory:

Hand Weapons
 K - a +0 shortbow
 X - the +5 spear of Expedience (weapon) {vorpal, rF+ Int+3}
   (You found it on level 9 of the Dungeon)

   It inflicts extra damage upon your enemies.
   It affects your intelligence (+3).
   It protects you from fire.
Missiles
 i - 105 arrows
 V - 46 bolts
Armour
 m - a +0 buckler (worn)
 n - a +2 pair of boots of flying (worn)
 D - a +2 cloak (worn)
 L - a +2 ring mail of cold resistance
 N - a +0 helmet (worn)
 U - a +0 troll leather armour (worn)
Magical Staves
 a - a staff of air
Jewellery
 c - a ring of ice
 f - a ring of wizardry
 h - a ring of poison resistance
 j - a ring of wizardry (left hand)
 J - a +6 ring of intelligence (right hand)
 M - a ring of protection from fire
 P - an amulet of regeneration (around neck)
Wands
 e - a wand of acid (3)
 B - a wand of iceblast (10)
 H - a wand of digging (7)
 W - a wand of mindburst (6)
Scrolls
 b - a scroll of noise {unknown}
 d - a scroll of summoning
 g - 3 scrolls of teleportation
 F - a scroll of magic mapping
 G - 2 scrolls of torment {unknown}
 R - a scroll of vulnerability {unknown}
 S - 2 scrolls of holy word {unknown}
 T - a scroll of acquirement {unknown}
Potions
 k - a potion of ambrosia {unknown}
 l - 6 potions of heal wounds {unknown}
 p - a potion of cancellation {unknown}
 q - 2 potions of magic {unknown}
 r - 2 potions of berserk rage {unknown}
 s - 2 potions of flight {unknown}
 t - a potion of haste
 x - 3 potions of attraction {unknown}
 z - a potion of mutation
 A - a potion of brilliance {unknown}
 C - 5 potions of curing {unknown}
 Q - a potion of degeneration {unknown}
Miscellaneous
 O - a condenser vane


   Skills:
 - Level 4.0 Fighting
 + Level 3.7 Armour
 - Level 3.0 Dodging
 - Level 3.0 Stealth
 - Level 4.0 Shields
 * Level 15.5 Spellcasting
 + Level 9.5 Conjurations
 - Level 1.1 Summonings
 - Level 1.1 Translocations
 + Level 9.0 Fire Magic
 - Level 1.0 Air Magic
 - Level 1.1 Poison Magic
 - Level 1.0 Evocations


You had 20 spell levels left.
You knew the following spells:

 Your Spells              Type           Power      Damage    Failure   Level
a - Magic Dart            Conj           100%       1d8       1%          1
b - Mephitic Cloud        Conj/Pois/Air  49%        N/A       1%          3
c - Call Imp              Summ           31%        N/A       1%          2
d - Blink                 Tloc           N/A        N/A       1%          2
e - Conjure Flame         Conj/Fire      71%        6-21      1%          3
f - Foxfire               Conj/Fire      100%       2x1d9     1%          1
g - Lightning Bolt        Conj/Air       28%        1d44      3%          5
h - Shock                 Conj/Air       100%       1d9       1%          1
i - Swiftness             Air            31%        N/A       1%          3

Your spell library contained the following spells:

 Spells                   Type           Power      Damage    Failure   Level
 Slow                     Hex            24%        N/A       1%          2
 Static Discharge         Conj/Air       56%        N/A       1%          2
 Airstrike                Air            15%        N/A       7%          4


Dungeon Overview and Level Annotations

Branches:
Dungeon (11/15)            Temple (1/1) D:7            Lair (1/6) D:8
Gauntlet (1/1)
    Orc: D:9-12

Altars:
Ashenzari
Cheibriados
Dithmenos
Elyvilon
Gozag
Kikubaaqudgha
Makhleb
Nemelex Xobeh
Okawaru
Qazlal
Ru
Sif Muna
Trog
Uskayaw
Vehumet
Wu Jian
Xom
Yredelemnul
Zin
The Shining One

Shops:
D:7 [

Annotations:
D:9 1 runed translucent door, 2 transporters, CatsMustDie's ghost, novice FeCj Gauntlet 4 transporters


Message History

Press: ? - help, Shift-Dir - straight line, f/p - minotaur
Aim: a minotaur, wielding a +0 spear, wearing the +6 scale mail of the Comet {Harm rElec Int+3 Slay+3} and quivering silver javelins (moderately wounded, fast, confused, 94% to hit)
The bolt of acid hits the minotaur!
The minotaur is splashed with acid.
The acid corrodes the minotaur!
The minotaur is severely wounded.
Unknown command.
The minotaur seems less confused.
The minotaur throws a silver javelin.
The silver javelin pierces through you!
Casting: Lightning Bolt (dangerous; 3% risk of failure)
Confirm with . or Enter, or press ? or * to list all spells.
Aiming: Mephitic Cloud (safe; 1% risk of failure)
Press: ? - help, Shift-Dir - straight line, f/p - minotaur
Aim: a minotaur, wielding a +0 spear, wearing the +6 scale mail of the Comet {Harm rElec Int+3 Slay+3} and quivering silver javelins (heavily wounded, fast, covered in acid, chance to affect: 34%)
The ball explodes into a vile cloud!
The stinking cloud engulfs the minotaur but does no damage.
The minotaur is heavily wounded.
The minotaur is engulfed in noxious fumes.
The minotaur is engulfed in blazing flames.
The minotaur hits you but does no damage.
Unknown command.
Unknown command.
Reach: X) +5 spear of Expedience {vorpal, rF+ Int+3}
Press: ? - help, Dir - move target, f/p - minotaur
Aim: a minotaur, wielding a +0 spear, wearing the +6 scale mail of the Comet {Harm rElec Int+3 Slay+3} and quivering silver javelins (flame, severely wounded, fast, covered in acid, about 26% to evade the +5 spear of Expedience)
You reach to attack!
You hit the minotaur.
The minotaur is severely wounded.
The minotaur is engulfed in blazing flames.
The minotaur hits you from afar with a +0 spear.
The minotaur is engulfed in blazing flames.
The minotaur hits you from afar with a +0 spear!
Unknown command.
Reach: X) +5 spear of Expedience {vorpal, rF+ Int+3}
Press: ? - help, Dir - move target, f/p - minotaur
Aim: a minotaur, wielding a +0 spear, wearing the +6 scale mail of the Comet {Harm rElec Int+3 Slay+3} and quivering silver javelins (flame, almost dead, fast, covered in acid, about 26% to evade the +5 spear of Expedience)
You reach to attack!
You hit the minotaur but do no damage.
The minotaur is almost dead.
The minotaur is engulfed in blazing flames.
The minotaur hits you from afar with a +0 spear!!
Ouch! That really hurt!
You die...

#####..#..#.
##########≈8≈#..#)..#
####.##....##..§#..#©...
#....##.##....8.#..#...#
##.##....##.##...#..#..#.
#..##.##....##.8.#..#.#..
##....##.##......#..##...
##.##....##§##...#..#####
#.######@§H○##.©.#≈......
###∩...'.##......#∩......
########.##.##.©.#§......
#..##.##....##...#..#####
##....##.##......#..#....
##.##....##.##.8.#..#.#.#
#..##.##....##...#..#..#.
##....##.##....8.#..#!#.#
####....##.##.§§#..#©.#.


You could see a minotaur (fast, corroded).

Vanquished Creatures
  An ogre mage (D:11)
  2 two-headed ogres
  A death scarab (Gauntlet)
  A skeletal warrior (D:10)
  A wizard (Gauntlet)
  A cane toad (Lair:1)
  A komodo dragon (D:8)
  An unseen horror (D:11)
  4 trolls
  A spectral black mamba (Gauntlet)
  A vampire (D:9)
  3 wyverns
  A wraith (D:10)
  3 yaks (D:11)
  3 basilisks
  4 chaos spawn (Gauntlet)
  A steam dragon (D:8)
  2 neqoxecs (Gauntlet)
  2 acid dragons
  7 water moccasins
  Duvessa (D:6)
  7 orc warriors
  A swamp drake (D:8)
  A black bear (D:4)
  4 sky beasts
  2 necrophages
  An ogre (D:7)
  2 centaurs
  2 phantoms
  2 kobold brigands (D:8)
  Blork the orc (D:5)
  2 bullfrogs (Lair:1)
  5 gnoll sergeants
  A wyvern zombie (D:5)
  4 scorpions
  Dowan (D:6)
  A wyvern skeleton (D:7)
  A water moccasin skeleton (D:5)
  2 killer bees (D:7)
  8 wights
  4 howler monkeys
  8 centaur zombies
  2 bullfrog zombies
  2 jellies
  An orc priest (D:9)
  3 bullfrog skeletons
  2 hounds
  A centaur skeleton (D:5)
  A gnoll shaman (D:7)
  4 iguanas
  4 orc wizards
  Ijyb (D:5)
  15 gnolls
  A howler monkey skeleton (D:4)
  3 adders
  2 shadow imps
  3 white imps
  An ufetubus (D:6)
  An adder skeleton (D:4)
  2 adder zombies (D:1)
  3 worms (D:4)
  4 dart slugs
  15 orcs
  5 ball pythons
  5 bats
  7 endoplasms
  2 giant cockroaches
  8 goblins
  4 hobgoblins
  5 jackals (D:3)
  16 kobolds
  A quokka (D:1)
  2 frilled lizards
  5 rats
233 creatures vanquished.

Vanquished Creatures (collateral kills)
  A killer bee (D:7)
  3 gnolls (D:7)
  An orc (D:9)
5 creatures vanquished.

Vanquished Creatures (others)
  16 demonic plants (Gauntlet)
  50 foxfires
  A fungus (Lair:1)
  4 plants (Lair:1)
71 creatures vanquished.

Grand Total: 309 creatures vanquished

Notes
Turn   | Place    | Note
-------+----------+-------------------------------------------
     0 | D:1      | pokeman the Deep Elf Hedge Wizard began the quest for the
                  | Orb.
     0 | D:1      | Reached XP level 1. HP: 10/10 MP: 7/7
   417 | D:1      | Reached XP level 2. HP: 16/16 MP: 2/9
   996 | D:1      | Reached skill level 5 in Spellcasting
  1136 | D:1      | Reached XP level 3. HP: 20/20 MP: 7/11
  1140 | D:1      | Learned a level 3 spell: Mephitic Cloud
  1143 | D:1      | Learned a level 2 spell: Call Imp
  1146 | D:1      | Learned a level 2 spell: Blink
  1150 | D:1      | Learned a level 3 spell: Conjure Flame
  2184 | D:3      | Reached skill level 1 in Fighting
  2184 | D:3      | Reached skill level 1 in Armour
  2184 | D:3      | Reached XP level 4. HP: 25/25 MP: 8/13
  2446 | D:3      | Noticed a phantom
  2464 | D:3      | Killed a phantom
  2465 | D:3      | Reached skill level 6 in Spellcasting
  2465 | D:3      | Reached skill level 1 in Fire Magic
  2465 | D:3      | Reached XP level 5. HP: 2/29 MP: 1/15
  2944 | D:3      | Found a sacrificial altar of Ru.
  3000 | D:3      | Found a faded altar of an unknown god.
  3187 | D:3      | Found a broken altar of Ashenzari.
  3540 | D:4      | Found a snail-covered altar of Cheibriados.
  3602 | D:4      | Reached skill level 1 in Air Magic
  3609 | D:4      | Reached XP level 6. HP: 25/34 MP: 8/17
  3899 | D:4      | Reached skill level 7 in Spellcasting
  3899 | D:4      | Reached skill level 1 in Poison Magic
  4123 | D:4      | Found a shimmering blue altar of Sif Muna.
  4447 | D:4      | Reached skill level 1 in Shields
  4738 | D:5      | Entered Level 5 of the Dungeon
  4748 | D:4      | Reached XP level 7. HP: 32/38 MP: 14/20
  5089 | D:5      | Reached skill level 8 in Spellcasting
  5549 | D:5      | Noticed Ijyb
  5556 | D:5      | Noticed Blork the orc
  5569 | D:5      | Killed Blork the orc
  5579 | D:5      | Killed Ijyb
  5671 | D:5      | Reached XP level 8. HP: 25/43 MP: 12/22
  5859 | D:5      | Reached skill level 9 in Spellcasting
  6252 | D:5      | Reached skill level 5 in Conjurations
  6806 | D:6      | Noticed Duvessa
  6813 | D:6      | Noticed Dowan
  6818 | D:6      | Killed Duvessa
  6829 | D:6      | Killed Dowan
  6830 | D:6      | Reached skill level 10 in Spellcasting
  7152 | D:6      | Found a white marble altar of Elyvilon.
  7165 | D:6      | Learned a level 1 spell: Shock
  7169 | D:6      | Learned a level 3 spell: Swiftness
  7278 | D:7      | Reached XP level 9. HP: 17/47 MP: 5/25
  7530 | D:7      | Reached skill level 5 in Fire Magic
  7541 | D:7      | Reached skill level 11 in Spellcasting
  7684 | D:7      | Noticed a troll
  7690 | D:7      | Noticed a troll
  7709 | D:7      | Killed a troll
  8121 | D:7      | Killed a troll
  8122 | D:7      | Reached skill level 12 in Spellcasting
  8482 | D:7      | Found Pilagg's Armour Emporium.
  8587 | D:7      | Found a staircase to the Ecumenical Temple.
  8600 | Temple   | Entered the Ecumenical Temple
  8656 | Temple   | Became a worshipper of Vehumet
  9195 | D:7      | Reached skill level 1 in Evocations
  9233 | D:7      | Found an ancient bone altar of Kikubaaqudgha.
  9233 | D:7      | Found a hide-covered altar of Uskayaw.
  9384 | D:8      | Reached XP level 10. HP: 53/53 MP: 21/28
 10779 | D:8      | Reached * piety under Vehumet
 10779 | D:8      | Offered knowledge of Freeze by Vehumet.
 10780 | D:8      | Reached skill level 13 in Spellcasting
 10977 | D:8      | Found a staircase to the Lair.
 11160 | D:9      | You fall into a shaft and drop 2 floors!
 11164 | D:10     | Entered Level 10 of the Dungeon
 11318 | D:9      | Identified the +5 spear of Expedience {vorpal, rF+ Int+3}
 11557 | D:9      | Found a runed translucent door.
 11562 | D:9      | Found a shimmering altar of Xom.
 11562 | D:9      | Noticed CatsMustDie's ghost (novice FeCj)
 11562 | D:9      | Noticed a +0 war axe of chaos
 11578 | D:9      | Noticed a sphinx
 11579 | D:9      | Found a transporter.
 11579 | D:9      | Noticed a cyclops
 11580 | D:9      | Found the +3 pair of gauntlets of War {Slay+5}
 11580 | D:9      | Noticed a death knight
 11718 | D:9      | Identified the +5 flail of Moral Flaws {pain, *Noise +Rage
                  | rPois rC+}
 11718 | D:9      | Identified the +7 plate armour of the Boiling Point {rElec
                  | rC+ Int-4 Dex+3}
 11799 | D:9      | Found a transporter.
 12601 | D:9      | Identified the +1 leather armour of Disguise {Rampage Str+4
                  | Int-5 Dex+5}
 12719 | D:9      | Noticed a shining eye
 12722 | D:9      | a shining eye changed into a dream sheep
 12901 | D:9      | Noticed a torpor snail
 13096 | D:10     | Reached ** piety under Vehumet
 13096 | D:10     | Offered knowledge of Foxfire by Vehumet.
 13097 | D:10     | Reached skill level 14 in Spellcasting
 13097 | D:10     | Reached XP level 11. HP: 55/59 MP: 26/31
 13099 | D:10     | Learned a level 1 spell: Foxfire
 13179 | D:10     | Noticed a two-headed ogre
 13191 | D:10     | Killed a two-headed ogre
 13383 | D:10     | Found a burning altar of Makhleb.
 13388 | D:10     | Found an ornate altar of the Wu Jian Council.
 13388 | D:10     | Found a glowing golden altar of the Shining One.
 13401 | D:10     | Found a sparkling altar of Nemelex Xobeh.
 13410 | D:10     | Found a shadowy altar of Dithmenos.
 13690 | D:10     | Found a bloodstained altar of Trog.
 13728 | D:11     | Noticed a skeletal warrior
 13728 | D:11     | Noticed a skeletal warrior
 13728 | D:11     | Noticed a skeletal warrior
 13728 | D:11     | Noticed a skeletal warrior
 13747 | D:10     | Killed a skeletal warrior
 14494 | D:11     | Noticed an ogre mage
 14502 | D:11     | Noticed a two-headed ogre
 14516 | D:11     | Killed an ogre mage
 14517 | D:11     | Killed a two-headed ogre
 14519 | D:11     | Noticed a boulder beetle
 14587 | D:11     | Noticed a skeletal warrior
 14855 | Lair:1   | Entered Level 1 of the Lair of Beasts
 14878 | Lair:1   | Reached skill level 15 in Spellcasting
 14950 | Lair:1   | Found a gate leading to a gauntlet.
 14959 | Gauntlet | Entered a Gauntlet
 14959 | Gauntlet | Found a transporter.
 14959 | Gauntlet | Found a transporter.
 14959 | Gauntlet | Noticed a thrashing horror
 14960 | Gauntlet | Found a transporter.
 14963 | Gauntlet | Found a transporter.
 14964 | Gauntlet | Found a transporter.
 14966 | Gauntlet | Noticed a death scarab
 14973 | Gauntlet | Found a transporter.
 14973 | Gauntlet | Noticed a wretched star
 15038 | Gauntlet | Found a transporter.
 15047 | Gauntlet | Noticed a wizard
 15048 | Gauntlet | Found a transporter.
 15063 | Gauntlet | Found a transporter.
 15079 | Gauntlet | Found a transporter.
 15088 | Gauntlet | Found a transporter.
 15094 | Gauntlet | Found a transporter.
 15170 | Gauntlet | Learned a level 5 spell: Lightning Bolt
 15346 | Gauntlet | Killed a wizard
 15581 | Gauntlet | Killed a death scarab
 15678 | Gauntlet | Identified the +6 scale mail of the Comet {Harm rElec Int+3
                  | Slay+3}
 15678 | Gauntlet | Noticed a minotaur
 15697 | Gauntlet | Mangled by a minotaur

Illustrated notes

Levels and vault maps discovered:
D:1:      saegor_arrival_fortress, layout_basic, kennysheep_minor_cross
D:2:      layout_basic
D:3:      layout_loops_ring, nicolae_ru_the_path_less_chosen,
          nicolae_ashenzari_skybound, ebering_ecumenical_altar_hall
D:4:      layout_loops_cross, kennysheep_mini, slow_altar_1, chequers_garden
D:5:      layout_cave_pools, uniq_blork_the_orc, uniq_ijyb
D:6:      layout_rooms, lemuel_round_altar, minmay_misc_feat_enclosed,
          uniq_duvessa
D:7:      kennysheep_windowed_halls, layout_loops_ring,
          amethyst_overflow_temple_binary, temple_pool_b, serial_shops,
          nicolae_shop_statue_plus
D:8:      layout_layer_cave, erik_lair_dragon
D:9:      gammafunk_sealed_arena, layout_grid_maze, ebering_ghost_xom,
          minmay_misc_feat_ornament, st_stairs_11
D:10:     layout_basic, minmay_overflow_temple_star_hex, kennysheep_mini_moat
D:11:     minmay_the_grid_triangle_9x9_rhombus_thin_mashed
          [minmay_the_grid_triangle_9x9_corruption,
          minmay_the_grid_triangle_9x9_prize_top_heavy,
          minmay_the_grid_triangle_9x9_limited_checkers,
          minmay_the_grid_triangle_9x9_windchime], layout_stronghold,
          david_orc_2
Temple:   jpeg_temple_island
Lair:1:   layout_roguey, gauntlet_entry_generic, st_stairs_8,
          minmay_lair_oklob_chamber, grunt_megastairs_3
Gauntlet: gammafunk_gauntlet_shortcut [gammafunk_gauntlet_arena_split_diamond,
          gammafunk_gauntlet_arena_grid, gammafunk_gauntlet_arena_hedges,
          gammafunk_gauntlet_arena_corners, gammafunk_gauntlet_arena_split_x,
          nicolae_gauntlet_arena_x, gauntlet_exit_green]

Skill      XL: |  1  2  3  4  5  6  7  8  9 10 11 |
---------------+----------------------------------+-----
Spellcasting   | 5 6 7 8 10 12 14 15 | 15.5
Conjurations   | 2 3 4 5 7 8 9 |  9.5
Fighting       | 1 2 4 |  4.0
Armour         | 1 3 |  3.7
Dodging        | 3 |  3.0
Fire Magic     | 1 3 4 6 7 9 |  9.0
Stealth        | 3 |  3.0
Air Magic      | 1 |  1.0
Poison Magic   | 1 |  1.1
Shields        | 1 2 3 4 |  4.0
Evocations     | 1 |  1.0
Summonings     | |  1.1
Translocations | |  1.1

Action                   |  1- 3 |  4- 6 |  7- 9 | 10-12 || total
-------------------------+-------+-------+-------+-------++-------
Melee: Dagger            |     4 |    28 |       |       ||    32
       Short sword       |     3 |       |       |       ||     3
       Spear             |       |    22 |   132 |   124 ||   278
 Cast: Magic Dart        |    80 |    98 |    85 |       ||   263
       Conjure Flame     |     1 |     1 |    32 |    36 ||    70
       Mephitic Cloud    |       |     9 |    22 |    27 ||    58
       Blink             |       |     1 |     1 |    11 ||    13
       Shock             |       |       |    54 |   128 ||   182
       Call Imp          |       |       |     5 |    13 ||    18
       Foxfire           |       |       |       |    27 ||    27
       Lightning Bolt    |       |       |       |    19 ||    19
Evoke: Wand              |       |       |       |     6 ||     6
  Use: Scroll            |       |       |       |     9 ||     9
 Stab: Sleeping          |     1 |       |       |       ||     1
       Confused          |       |     6 |    12 |    14 ||    32
Armor: Leather armour    |     9 |    10 |    36 |     2 ||    57
       Troll leather arm |       |       |       |    54 ||    54
Dodge: Dodged            |     9 |    24 |    83 |    56 ||   172
Block: Buckler           |       |       |       |    19 ||    19
       Rpst.: Long sword |     1 |       |       |       ||     1

Table legend: (Time is in decaauts)
 A = Elapsed time spent in this place.
 B = Non-inter-level travel time spent in this place.
 C = Inter-level travel time spent in this place.
 D = Time resting spent in this place.
 E = Time spent auto-exploring this place.
 F = Levels seen in this place.
 G = Mean time per level.
                   A        B        C        D        E       F      G
               +--------+--------+--------+--------+--------+-----+--------+
         Total |  15746 |  14892 |    854 |   1032 |  11429 |  14 | 1124.7 |
       Dungeon |  14793 |  13950 |    843 |    719 |  11193 |  11 | 1344.8 |
        Temple |    101 |     90 |     11 |      0 |     50 |   1 |  101.0 |
          Lair |    104 |    104 |      0 |      0 |      0 |   1 |  104.0 |
      Gauntlet |    746 |    746 |      0 |    313 |    186 |   1 |  746.0 |
               +--------+--------+--------+--------+--------+-----+--------+

Top non-repeatable levels by time:
     D:7: 2108 daAuts
     D:8: 1936 daAuts
     D:5: 1820 daAuts
     D:9: 1742 daAuts
     D:1: 1497 daAuts
    D:10: 1380 daAuts
     D:4: 1334 daAuts
     D:3: 983 daAuts
     D:2: 933 daAuts
Gauntlet: 746 daAuts
     D:6: 618 daAuts
    D:11: 437 daAuts
  Lair:1: 104 daAuts
  Temple: 101 daAuts
